 Dungeon Crawl Stone Soup version 0.30-a0-339-g89bb51ec76 (webtiles) character file.

Game seed: 1385959503708064968

251 PimpSugar the Magician (level 5, -1/37 HPs)
             Began as a Demonspawn Hedge Wizard on Oct 31, 2022.
             Slain by an orc
             ... wielding a +0 flail
              (5 damage)
             ... on level 3 of the Dungeon.
             The game lasted 00:10:11 (2561 turns).

PimpSugar the Magician (Demonspawn Hedge Wizard)    Turns: 2561, Time: 00:10:11

Health: -1/37      AC:  6    Str: 11    XL:     5   Next: 88%
Magic:  10/11      EV: 12    Int: 23    God:
Gold:   232        SH:  0    Dex: 12    Spells: 9/12 levels left

rFire   . . .      SeeInvis .    h - +1 dagger (venom)
rCold   . . .      Faith    .    (no shield)
rNeg    . . .      Spirit   .    g - +0 leather armour
rPois   .          Reflect  .    f - +1 helmet
rElec   .          Harm     .    n - +0 cloak
rCorr   .          Rampage  .    (no gloves)
Will    .....                    (no boots)
Stlth   ++........               (no amulet)
HPRegen 2.26/turn                k - +6 ring of intelligence
MPRegen 0.12/turn                r - ring of wizardry

@: mighty
A: powered by death 1, demonic touch 1
a: no special abilities


You were on level 3 of the Dungeon.
You visited 1 branch of the dungeon, and saw 4 of its levels.

You collected 232 gold pieces.

Inventory:

Hand Weapons
 a - a +0 dagger
 h - a +1 dagger of venom (weapon)
 q - a +1 antimagic short sword
Missiles
 o - 21 stones
 v - 7 poisoned darts
Armour
 b - a +0 robe
 c - a +0 hat
 f - a +1 helmet (worn)
 g - a +0 leather armour (worn)
 n - a +0 cloak (worn)
Jewellery
 i - a ring of protection from fire
 k - a +6 ring of intelligence (left hand)
 l - a ring of magical power
 r - a ring of wizardry (right hand)
 u - a ring of protection from fire
Scrolls
 p - 2 scrolls of teleportation
Potions
 d - 2 potions of magic
 e - 2 potions of heal wounds {unknown}
 j - a potion of might
 m - a potion of attraction {unknown}
 s - 2 potions of degeneration {unknown}


   Skills:
 + Level 1.5 Fighting
 + Level 2.5 Dodging
 + Level 2.6 Stealth
 * Level 4.1 Spellcasting
 + Level 2.0 Conjurations
 + Level 2.3 Summonings
 + Level 1.9 Translocations


You had 9 spell levels left.
You knew the following spells:

 Your Spells              Type           Power      Damage    Failure   Level
a - Magic Dart            Conj           56%        1d5       2%          1
b - Call Imp              Summ           15%        N/A       3%          2

Your spell library contained the following spells:

 Spells                   Type           Power      Damage    Failure   Level
 Momentum Strike          Conj/Tloc      28%        3d8       3%          2
 Blink                    Tloc           26%        N/A       4%          2
 Slow                     Hex            16%        N/A       6%          1
 Lesser Beckoning         Tloc           26%        N/A       8%          3
 Cigotuvi's Dreadful Rot  Necr/Pois/Air  8%         N/A       9%          2
 Mephitic Cloud           Conj/Pois/Air  7%         N/A       12%         3


Dungeon Overview and Level Annotations

Branches:
Dungeon (4/15)
 Temple: D:4-7

Altars:
Fedhas


Innate Abilities, Weirdness & Mutations

You regenerate a little health from kills.
Your touch may inflict minor irresistible damage on your foes.


Message History

You climb upwards.
There is a stone staircase leading down here.
You feel very mighty all of a sudden. The orc priest hits you with a +0 club.
* * * LOW HITPOINT WARNING * * *
The orc barely misses you. The orc closely misses you.
The orc wizard barely misses you.
You closely miss the orc priest. The orc priest barely misses you.
The orc hits you with a +0 hand axe.
* * * LOW HITPOINT WARNING * * *
The orc closely misses you.
The orc wizard points at you and mumbles some strange words.
The magic dart hits you but does no damage.
You puncture the orc priest!
The orc priest is poisoned.
The orc priest is severely wounded.
The orc priest barely misses you. The orc hits you with a +0 hand axe.
* * * LOW HITPOINT WARNING * * *
The orc barely misses you. The orc wizard closely misses you.
You closely miss the orc priest.
You touch the orc priest.
You kill the orc priest!
The orc hits you but does no damage. x2
The orc wizard hits you but does no damage.
Your Conjurations skill increases to level 2!
You closely miss the orc wizard. The orc hits you with a +0 flail.
* * * LOW HITPOINT WARNING * * *
The orc closely misses you.
The orc wizard hits you but does no damage.
You hit the orc wizard.
The orc wizard is poisoned.
The orc wizard is heavily wounded.
The orc hits you but does no damage. The orc barely misses you.
The orc wizard closely misses you.
You puncture the orc wizard!
You kill the orc wizard!
The orc hits you with a +0 flail.
* * * LOW HITPOINT WARNING * * *
The orc closely misses you.
You hit the orc.
You kill the orc!
The orc hits you with a +0 flail.
You die...

# #########....#..#######.#.###.#
###.......<....#...######.##.#.##
....#######.)#####............###
##### #)...#................. #
#.##.#.########.####### #
#.##...########.# #
#.###...........# #
#....))o######### # #####)@## #
#...# ### #.#^##### >.# #.#.....#
#.# #.#####.# #.# #.# #.# #.# #.#
#.# #.# #.# #.# ###### #.#
#.#####.#### #>....


You could see an orc.

Vanquished Creatures
  An orc priest (D:3)
  Terence (D:2)
  3 orc wizards
  Robin (D:2)
  2 adders
  A worm (D:3)
  A dart slug (D:2)
  7 orcs (D:3)
  4 ball pythons
  2 endoplasms (D:3)
  8 goblins
  7 hobgoblins
  8 jackals
  2 quokkas (D:1)
  3 bats
  3 frilled lizards
  6 kobolds
  4 rats
64 creatures vanquished.

Vanquished Creatures (collateral kills)
  An adder (D:2)
  A dart slug (D:2)
  2 endoplasms
  3 goblins (D:2)
  A rat (D:3)
8 creatures vanquished.

Vanquished Creatures (others)
  2 plants (D:2)
2 creatures vanquished.

Grand Total: 74 creatures vanquished

Notes
Turn   | Place    | Note
-------+----------+-------------------------------------------
     0 | D:1      | PimpSugar the Demonspawn Hedge Wizard began the quest for
                  | the Orb.
     0 | D:1      | Reached XP level 1. HP: 13/13 MP: 4/4
   397 | D:1      | Reached skill level 1 in Translocations
   467 | D:1      | Gained mutation: Your touch may inflict minor irresistible
                  | damage on your foes. [demonic ancestry]
   467 | D:1      | Reached XP level 2. HP: 19/19 MP: 6/6
   804 | D:1      | Learned a level 2 spell: Call Imp
   842 | D:2      | Found a blossoming altar of Fedhas.
   940 | D:2      | Noticed Robin
   964 | D:2      | Gained mutation: You regenerate a little health from kills.
                  | [demonic ancestry]
   964 | D:2      | Reached XP level 3. HP: 12/25 MP: 4/7
   986 | D:2      | Killed Robin
  1064 | D:2      | Reached XP level 4. HP: 29/31 MP: 6/9
  1313 | D:2      | Noticed Terence
  1324 | D:2      | Killed Terence
  1325 | D:2      | Reached skill level 1 in Fighting
  1603 | D:3      | Reached XP level 5. HP: 37/37 MP: 7/10
  2550 | D:4      | Reached skill level 4 in Spellcasting
  2561 | D:3      | Slain by an orc

Illustrated notes

Levels and vault maps discovered:
D:1:      wheals_arrival_shading, layout_loops_ring
D:2:      layout_basic, basic_altar, serial_bayou_crossing, uniq_robin,
          uniq_terence
D:3:      layout_loops_ring, st_stairs_13, wander_ebering_terrifying_dragon_lair
D:4:      kennysheep_kobold_camp, layout_layer_cave, lemuel_blue_sif_altar,
          elyvilon_altar_5, serial_shops, shop

Skill      XL: |  1  2  3  4  5 |
---------------+----------------+-----
Translocations | 1 |  1.9
Dodging        | 2 |  2.5
Stealth        | 2 |  2.6
Fighting       | 1 |  1.5
Summonings     | 2 |  2.3
Spellcasting   | 4 |  4.1
Conjurations   | 2 |  2.0

Action                   |  1- 3 |  4- 6 || total
-------------------------+-------+-------++-------
Melee: Dagger            |    71 |   103 ||   174
       Touch             |     9 |    16 ||    25
       Punch             |     1 |     2 ||     3
 Cast: Magic Dart        |    18 |    12 ||    30
       Call Imp          |     4 |     3 ||     7
  Use: Scroll            |     2 |     3 ||     5
       Potion            |       |     1 ||     1
Armor: Leather armour    |    34 |    45 ||    79
Dodge: Dodged            |    74 |    70 ||   144

Table legend: (Time is in decaauts)
 A = Elapsed time spent in this place.
 B = Non-inter-level travel time spent in this place.
 C = Inter-level travel time spent in this place.
 D = Time resting spent in this place.
 E = Time spent auto-exploring this place.
 F = Levels seen in this place.
 G = Mean time per level.
                   A        B        C        D        E       F      G
               +--------+--------+--------+--------+--------+-----+--------+
         Total |   2593 |   2389 |    204 |    119 |   1393 |   4 |  648.2 |
       Dungeon |   2593 |   2389 |    204 |    119 |   1393 |   4 |  648.2 |
               +--------+--------+--------+--------+--------+-----+--------+

Top non-repeatable levels by time:
     D:3: 977 daAuts
     D:1: 822 daAuts
     D:2: 782 daAuts
     D:4: 10 daAuts
